 Dungeon Crawl Stone Soup version 0.27-a0-29-g2d0a2396b0 (webtiles) character file.

Game seed: 10054111139796065529

1355 sahdkjhfkaj the Fighter (level 8, 0/133 HPs)
             Began as a Troll Transmuter on Jan 3, 2021.
             Was a Follower of Cheibriados.
             Slain by Prince Ribbit (3 damage)
             ... on level 5 of the Dungeon.
             The game lasted 00:03:54 (4279 turns).

sahdkjhfkaj the Fighter (Troll Transmuter)          Turns: 4279, Time: 00:03:55

Health: 0/133      AC: 24    Str: 23    XL:     8   Next: 37%
Magic:  8/8        EV:  1    Int: 11    God:    Cheibriados [*.....]
Gold:   212        SH:  0    Dex: 12    Spells: 3/9 levels left

rFire    . . .     SeeInvis .     - Unarmed
rCold    . . .     Faith    .   (no shield)
rNeg     + + +     Spirit   .   (armour currently unavailable)
rPois    +         Reflect  .   (helmet currently unavailable)
rElec    .         Harm     .   (cloak currently unavailable)
rCorr    .         Rampage  .   (gloves unavailable)
Will     .....     NoTele   +   (boots unavailable)
Stlth    +.........             (no amulet)
HPRegen  0.72/turn              (no ring)
MPRegen  0.11/turn              (no ring)

@: tree-form, very slow
A: large, unfitting armour, regeneration 1
a: Renounce Religion, Bend Time


You were on level 5 of the Dungeon.
You worshipped Cheibriados.
Cheibriados was aware of your devotion.
You were a tree.
You visited 2 branches of the dungeon, and saw 6 of its levels.

You collected 212 gold pieces.

Inventory:

Armour
 a - a +0 robe (melded)
 j - a +0 cloak (melded)
Wands
 l - a wand of polymorph (3)
 p - a wand of iceblast (9)
 F - a wand of digging (5)
Scrolls
 b - 2 scrolls of teleportation {!r}
 c - a scroll of fog
 f - 2 scrolls of identify
 g - a scroll of enchant armour {unknown}
 i - 5 scrolls of remove curse
 n - a scroll of immolation {unknown}
 o - a scroll of blinking {unknown}
 r - a scroll of magic mapping
 s - a scroll of fear {unknown}
 u - a scroll of amnesia {unknown}
Potions
 d - a potion of flight {unknown}
 e - a potion of lignification
 h - a potion of curing {unknown}
 k - 2 potions of might
 q - 4 potions of mutation {unknown}
 t - a potion of magic {unknown}


   Skills:
 + Level 8.5 Fighting
 - Level 2.0 Dodging
 - Level 3.3 Unarmed Combat
 - Level 1.2 Spellcasting
 - Level 1.3 Transmutations


You had 3 spell levels left.
You knew the following spells:

 Your Spells              Type           Power        Failure   Level
a - Beastly Appendage     Tmut           6%           19%         1
A - Blade Hands           Tmut           1%           99%         5

Your spell library contained the following spells:

 Spells                   Type           Power        Failure   Level
 Wereblood                Tmut           3%           26%         2
 Spider Form              Tmut/Pois      1%           56%         3
 Ice Form                 Ice/Tmut       2%           93%         4


Dungeon Overview and Level Annotations

Branches:
Dungeon (5/15)             Temple (1/1) D:4

Altars:
Cheibriados
Fedhas
Hepliaklqana
Kikubaaqudgha
Makhleb
Okawaru
Ru
Sif Muna
Trog
Vehumet
Wu Jian
Xom
The Shining One

Shops:
D:4 }}

Annotations:
D:5 1 runed translucent door, Crazy Yiuf, Prince Ribbit


Innate Abilities, Weirdness & Mutations

You are too large for most types of armour.
((You have claws for hands.))
Your natural rate of healing is unusually fast.
((You are covered in fur. (AC +1)))
((You have extremely tough skin. (AC +3)))


Message History

Prince Ribbit is severely wounded.
Prince Ribbit closely misses you. x2
Unknown command.
Really quaff the potion of lignification?
You turn into a tree.
Your +0 cloak melds into your body.
Your +0 robe melds into your body.
Your roots penetrate the ground.
Prince Ribbit hits you but does no damage.
You closely miss Prince Ribbit.
Prince Ribbit is severely wounded.
Prince Ribbit hits you but does no damage.
You closely miss Prince Ribbit.
Prince Ribbit is severely wounded.
Prince Ribbit hits you.
* * * LOW HITPOINT WARNING * * *
Prince Ribbit hits you!
* * * LOW HITPOINT WARNING * * *
You barely miss Prince Ribbit.
Prince Ribbit is severely wounded.
Prince Ribbit hits you.
You die...

##..##.............#####
#..####.............###
..## #...............##
.## ##.....######....###
## ##.#### ###....### #
#..############....##
##.#..........###...####
#...:........# ###....##
##....F♣.....# ###....
#...........## ##...
#...........# ##..
##..........# ###
#.........## #
##........# # #.......##
## ##.....## #. #.?..##
##.


You could see Prince Ribbit.

Vanquished Creatures
  Eustachio (D:5)
  Sigmund (D:5)
  An orc warrior (D:5)
  2 centaurs (D:5)
  2 ogres (D:5)
  2 scorpions (D:5)
  A centaur skeleton (D:5)
  3 orc priests (D:3)
  A hound (D:4)
  3 orc wizards
  Jessica (D:2)
  Ijyb (D:3)
  A worker ant (D:3)
  A hound skeleton (D:5)
  4 gnolls (D:5)
  5 adders
  A howler monkey skeleton (D:5)
  A white imp (D:5)
  2 adder skeletons
  3 worms (D:2)
  6 dart slugs
  5 leopard geckos
  13 orcs
  A ball python (D:4)
  4 giant cockroaches
  4 goblins
  11 hobgoblins
  6 jackals (D:2)
  2 quokkas
  4 bats
  4 frilled lizards
  5 kobolds
  12 rats
114 creatures vanquished.

Vanquished Creatures (others)
  A withered plant (D:2)
1 creature vanquished.

Grand Total: 115 creatures vanquished

Notes
Turn   | Place    | Note
-------+----------+-------------------------------------------
     0 | D:1      | sahdkjhfkaj the Troll Transmuter began the quest for the
                  | Orb.
     0 | D:1      | Reached XP level 1. HP: 18/18 MP: 1/1
    74 | D:1      | Reached skill level 1 in Fighting
    99 | D:1      | Reached XP level 2. HP: 27/27 MP: 2/2
   502 | D:1      | Reached XP level 3. HP: 35/35 MP: 3/3
   845 | D:2      | Reached skill level 2 in Fighting
  1086 | D:2      | Found a blossoming altar of Fedhas.
  1087 | D:2      | Found an ancient bone altar of Kikubaaqudgha.
  1230 | D:2      | Noticed Jessica
  1235 | D:2      | Killed Jessica
  1236 | D:2      | Reached skill level 3 in Fighting
  1236 | D:2      | Reached XP level 4. HP: 45/45 MP: 4/4
  1521 | D:3      | Reached XP level 5. HP: 50/53 MP: 5/5
  1562 | D:3      | Reached skill level 4 in Fighting
  1732 | D:3      | Found an ornate altar of the Wu Jian Council.
  1782 | D:3      | Noticed Ijyb
  1793 | D:3      | Killed Ijyb
  2223 | D:4      | Reached XP level 6. HP: 63/63 MP: 6/6
  2287 | D:4      | Found Otia's Gadget Shoppe.
  2353 | D:4      | Found Nemm's Gadget Boutique.
  2431 | D:3      | Reached skill level 5 in Fighting
  2527 | D:4      | Found a staircase to the Ecumenical Temple.
  2592 | Temple   | Entered the Ecumenical Temple
  2679 | Temple   | Became a worshipper of Cheibriados the Contemplative
  2866 | D:5      | Entered Level 5 of the Dungeon
  2901 | D:5      | Noticed Eustachio
  2918 | D:5      | Killed Eustachio
  2919 | D:5      | Reached skill level 6 in Fighting
  2919 | D:5      | Reached XP level 7. HP: 61/75 MP: 7/7
  3128 | D:5      | Reached skill level 7 in Fighting
  3468 | D:5      | Found a runed translucent door.
  3469 | D:5      | Noticed Crazy Yiuf
  3511 | D:5      | Reached XP level 8. HP: 39/87 MP: 8/8
  3521 | D:5      | Reached * piety under Cheibriados
  3531 | D:5      | Learned a level 5 spell: Blade Hands
  3761 | D:5      | Noticed Sigmund
  3768 | D:5      | Killed Sigmund
  3769 | D:5      | Reached skill level 8 in Fighting
  4249 | D:5      | Noticed Prince Ribbit
  4278 | D:5      | HP: 2/133 [Prince Ribbit (9)]
  4279 | D:5      | Slain by Prince Ribbit

Illustrated notes

Levels and vault maps discovered:
D:1:      sevenhm_arrival_forest_fort_small_4, layout_basic
D:2:      layout_loops_cross, grunt_temple_overflow_growth_and_decay,
          minmay_fractal_squares_5, uniq_jessica
D:3:      layout_basic, pdpol_wu_jian_five_deadly_venoms, uniq_ijyb
D:4:      layout_basic, minmay_temple_entry_hall, serial_shops, shop_fountains,
          minmay_shop_grid_forest
D:5:      minmay_skewed_foursquare, layout_cave_pods, uniq_sigmund,
          uniq_crazy_yiuf_cottage, uniq_eustachio, uniq_prince_ribbit1
Temple:   compressed_dpeg_circular_temple

Skill      XL: |  1  2  3  4  5  6  7  8 |
---------------+-------------------------+-----
Fighting       | 1 3 4 6 7 8 |  8.5
Dodging        | 2 |  2.0
Unarmed Combat | |  3.3
Spellcasting   | |  1.2
Transmutations | |  1.3

Action                   |  1- 3 |  4- 6 |  7- 9 || total
-------------------------+-------+-------+-------++-------
Melee: Unarmed           |   112 |   149 |   119 ||   380
       Punch             |     2 |     4 |     2 ||     8
       Kick              |       |       |     2 ||     2
       Headbutt          |       |       |     2 ||     2
 Cast: Beastly Appendage |       |       |     1 ||     1
  Use: Scroll            |     1 |     7 |     1 ||     9
       Potion            |       |       |     3 ||     3
 Stab: Sleeping          |       |     1 |       ||     1
Armor: Robe              |    61 |    71 |    26 ||   158
       Skin              |       |       |     2 ||     2
Dodge: Dodged            |    89 |    93 |    62 ||   244

Table legend: (Time is in decaauts)
 A = Elapsed time spent in this place.
 B = Non-inter-level travel time spent in this place.
 C = Inter-level travel time spent in this place.
 D = Time resting spent in this place.
 E = Time spent auto-exploring this place.
 F = Levels seen in this place.
 G = Mean time per level.
                   A        B        C        D        E       F      G
               +--------+--------+--------+--------+--------+-----+--------+
         Total |   4549 |   4364 |    185 |    257 |   3341 |   6 |  758.2 |
       Dungeon |   4448 |   4284 |    164 |    257 |   3264 |   5 |  889.6 |
        Temple |    100 |     79 |     21 |      0 |     77 |   1 |  100.0 |
               +--------+--------+--------+--------+--------+-----+--------+

Top non-repeatable levels by time:
     D:5: 1638 daAuts
     D:1: 828 daAuts
     D:3: 792 daAuts
     D:2: 678 daAuts
     D:4: 511 daAuts
  Temple: 100 daAuts
